 Dungeon Crawl Stone Soup version 0.31.0-9-g3a7656b989 (webtiles) character file.

Game seed: 15998136900963269686

51 qw the Shooter (level 3, 0/20 HPs)
             Began as a Deep Elf Hunter on Feb 2, 2024.
             Succumbed to their own poison gas
             ... on level 2 of the Dungeon.
             The game lasted 00:00:03 (1052 turns).

qw the Shooter (Deep Elf Hunter)                    Turns: 1052, Time: 00:00:04

Health: 0/20       AC:  6    Str: 10    XL:     3   Next: 57%
Magic:  5/5        EV: 12    Int: 13    God:
Gold:   120        SH:  0    Dex: 18    Spells: 2/2 levels left

rFire   . . .        a - +0 shortbow
rCold   . . .        (shield currently unavailable)
rNeg    . . .        c - +0 leather armour
rPois   .            d - +1 helmet
rElec   .            (no cloak)
rCorr   .            (no gloves)
SInv    .            f - +0 pair of boots
Will    .....        (no amulet)
Stlth   ++           (no ring)
HPRegen 0.23/turn    (no ring)
MPRegen 0.09/turn

%: no passive effects
@: lethally poisoned (0 -> -12)
A: no striking features
a: no special abilities


You were on level 2 of the Dungeon.
You visited 1 branch of the dungeon, and saw 2 of its levels.

You collected 120 gold pieces.


   Skills:
 - Level 1.5 Fighting
 + Level 7.1 Ranged Weapons
 - Level 2.4 Dodging
 - Level 1.2 Stealth


You had 2 spell levels left.
You didn't know any spells.
Your spell library was empty.

Inventory:

Hand Weapons
 a - a +0 shortbow (weapon)
Armour
 c - a +0 leather armour (worn)
 d - a +1 helmet (worn)
 f - a +0 pair of boots (worn)
Potions
 e - a potion of experience {unknown}
 g - a potion of curing {unknown}
 h - a potion of heal wounds {unknown}
 j - a potion of cancellation {unknown}

Dungeon Overview and Level Annotations

Branches:
Dungeon (2/15)

Altars:


Message History

You are frozen.
You shoot an arrow. The arrow hits the endoplasm.
You kill the endoplasm!
You start resting.
HP restored.
You now have 120 gold pieces (gained 9).
Done exploring.
Done exploring.
1043 ||| UPGRADING to +1 helmet.
You start putting on your armour.
You continue putting on your +1 helmet. x4
You finish putting on your +1 helmet.
Done exploring.
1048 ||| READING scroll labelled ZIOTU SARUGINO.
As you read the scroll labelled ZIOTU SARUGINO, it crumbles to dust.
You assume a fearsome visage.
Nothing appears to happen.
It was a scroll of fear.
Done exploring.
1049 ||| READING scroll labelled FIBIFR SOSEDON.
The air fills with toxic fumes!
As you read the scroll labelled FIBIFR SOSEDON, it crumbles to dust.
It was a scroll of poison.
Done exploring.
What level of the Dungeon? (default 2, ? - help) Sorry, I don't know how to get there.
Enter note:
Enter note:
Enter note:
Enter note:
Enter note:
Enter note:
Enter note:
Enter note:
Enter note: You are engulfed in poison gas.
You are lethally poisoned!
You feel very sick.
1051 ||| Stepping ~*~*~tactically~*~*~ (cloud).
You feel very sick.
There is a lethal amount of poison in your body!
You die...

~~...~~#
#..#......<..#
~~...~~#
#¤¤#¤¤¤¤¤¤¤¤¤#
~~...~~#
#.¤#¤¤¤¤¤¤¤¤¤#
~~...~~#
##.¤¤¤¤¤¤¤¤¤¤#
~~...~~#
###¤¤¤¤¤¤¤¤¤#
~~.).~~#
#¤¤¤¤¤¤¤¤¤#
~.....~#
#¤¤¤¤¤¤¤¤¤#
.......#
#¤¤¤¤¤¤¤¤¤#
#.)...##
#¤¤¤@¤¤¤¤¤#
###)###
#¤¤¤¤¤¤¤¤¤#
##..#
##¤¤¤¤¤¤¤##
...##
##¤¤¤¤¤## ####
#######


There were no monsters in sight!

Vanquished Creatures
  An adder (D:2)
  A ribbon worm (D:2)
  4 ball pythons
  3 endoplasms
  3 giant cockroaches
  A goblin (D:1)
  5 hobgoblins
  3 jackals (D:2)
  8 kobolds
  A quokka (D:1)
  A bat (D:1)
  3 frilled lizards
  2 rats
36 creatures vanquished.

Notes
Turn   | Place    | Note
-------+----------+-------------------------------------------
     0 | D:1      | qw the Deep Elf Hunter began the quest for the Orb.
     0 | D:1      | Reached XP level 1. HP: 12/12 MP: 3/3
     0 | D:1      | 0 ||| qw: Version: 0.3-a-155-g5e7d8dd
     0 | D:1      | 0 ||| qw: Game counter: 1141
     0 | D:1      | 0 ||| qw: Melee chars always use a shield: true
     0 | D:1      | 0 ||| qw: God list: Okawaru
     0 | D:1      | 0 ||| qw: Allow faded altars: false
     0 | D:1      | 0 ||| qw: Do Orc after clearing Dungeon:15 true
     0 | D:1      | 0 ||| qw: Do second Lair branch before Depths: true
     0 | D:1      | 0 ||| qw: Lair rune preference: random
     0 | D:1      | 0 ||| qw: Goals: Normal
     0 | D:1      | 0 ||| PLANNING D:1-11
   146 | D:1      | Reached XP level 2. HP: 16/16 MP: 4/4
   183 | D:1      | Reached skill level 6 in Ranged Weapons
   195 | D:1      | Found a faded altar of an unknown god.
   445 | D:1      | 445 ||| UPGRADING to +0 pair of boots.
   450 | D:1      | 450 ||| READING scroll labelled VOSHAACK DUULO.
   451 | D:1      | 451 ||| DROPPING scroll of butterflies.
   517 | D:2      | Reached XP level 3. HP: 20/20 MP: 5/5
   650 | D:2      | Reached skill level 7 in Ranged Weapons
   684 | D:2      | 684 ||| FLEEEEING.
   693 | D:2      | HP: 5/20 [poisoned by a kobold]
   697 | D:2      | HP: 2/20 [poisoned by a kobold]
  1043 | D:2      | 1043 ||| UPGRADING to +1 helmet.
  1048 | D:2      | 1048 ||| READING scroll labelled ZIOTU SARUGINO.
  1049 | D:2      | 1049 ||| READING scroll labelled FIBIFR SOSEDON.
  1051 | D:2      | 1051 ||| Stepping ~*~*~tactically~*~*~ (cloud).
  1051 | D:2      | HP: 3/20 [poisoned by you (poison gas)]
  1052 | D:2      | Succumbed to their own poison gas

Levels and vault maps discovered:
D:1:      erik_arrival_blinker_ship, layout_rooms,
          ebering_ecumenical_altar_petrified
D:2:      minmay_kobold_bridge, layout_rooms

Skill      XL: |  1  2  3 |
---------------+----------+-----
Ranged Weapons | 6 7 |  7.1
Fighting       | |  1.5
Dodging        | |  2.4
Stealth        | |  1.2

Action                     || total
---------------------------++-------
   Fire: Shortbow          ||    94
    Use: Scroll            ||     3
 Armour: Leather armour    ||     7
  Dodge: Dodged            ||    14

Table legend:
 A = Non-vault XP
 B = Vault XP
 C = Vault XP percentage of total XP
 D = Non-vault monster count
 E = Vault monster count
 F = Vault count percentage of total count
                 A         B        C        D         E       F
            +---------+---------+-------+---------+---------+-------
      Total |      70 |       3 |   4.1 |      33 |       3 |   8.3
            +---------+---------+-------+---------+---------+-------
        D:1 |      26 |       0 |   0.0 |      16 |       0 |   0.0
        D:2 |      44 |       3 |   6.4 |      17 |       3 |  15.0
            +---------+---------+-------+---------+---------+-------
